 Dungeon Crawl Stone Soup version 0.21.1-1-g345015f (webtiles) character file.

49 inc the Scratcher (level 3, 0/17 HPs)
             Began as a Felid Chaos Knight on Feb 23, 2018.
             Succumbed to a worker ant's poison
             ... on level 4 of the Dungeon.
             The game lasted 00:07:41 (1584 turns).

inc the Scratcher (Felid Chaos Knight)              Turns: 1584, Time: 00:07:42

Health: 0/17       AC:  1    Str:  8    XL:     3   Next: 53%
Magic:  4/4        EV: 18    Int: 14    God:    Xom [..*...]
Gold:   74         SH:  0    Dex: 15    Spells: 2/2 levels left
                                        Lives:  0   Deaths: 0

rFire    . . .     SeeInvis +     - Unarmed
rCold    . . .     Gourm    .   (shield unavailable)
rNeg     . . .     Faith    .   (armour unavailable)
rPois    .         Spirit   .   (helmet unavailable)
rElec    .         Reflect  .   (cloak unavailable)
rCorr    .         Harm     .   (gloves unavailable)
MR       .....                  (boots unavailable)
Stlth    ++........             (no amulet)
HPRegen  0.05/turn              (no ring)
MPRegen  0.09/turn              (no ring)

@: lethally poisoned (0 -> -15), quick
A: very small, no armour, no weapons or thrown items, stealth, claws 1, fangs 3,
see invisible, carnivore, speed 1, shaggy fur 1, slow metabolism 1, sharp paws
a: Renounce Religion


You were on level 4 of the Dungeon.
You worshipped Xom.
You were a toy of Xom.
You were not hungry.

You visited 1 branch of the dungeon, and saw 4 of its levels.

You collected 74 gold pieces.

Inventory:

Jewellery
 b - an uncursed amulet of the gourmand
Scrolls
 c - 3 scrolls of identify {unknown}
 f - 2 scrolls of enchant weapon {unknown}
 g - 2 scrolls of teleportation {unknown}
 h - a scroll of fear {unknown}
 i - a scroll of magic mapping {unknown}
 j - a scroll of amnesia {unknown}
Comestibles
 a - 4 rations


   Skills:
 - Level 3.0 Fighting
 - Level 3.2 Dodging
 + Level 4.6 Unarmed Combat


You had 2 spell levels left.
You didn't know any spells.

Dungeon Overview and Level Annotations

Branches:
Dungeon (3/15)

Altars:
The Shining One

Annotations:
D:2 Robin
D:3 Sempronis's ghost, amateur DENe
D:4 2 transporters, Purgy


Innate Abilities, Weirdness & Mutations

You cannot wear armour.
You are incapable of wielding weapons or throwing items.
Your paws allow you to move quietly. (Stealth)
You have sharp claws.
You have razor-sharp teeth.
You have supernaturally acute eyesight. (SInv)
You are carnivorous and can eat meat at any time.
You cover ground quickly.
You are covered in fur. (AC +1)
You have a slow metabolism.
Your sharp claws are effective at attacking unaware monsters.


Message History

You aren't carrying any potions.
You scratch the worker ant.
You bite the worker ant, but do no damage.
The worker ant is almost dead.
* * * LOW HITPOINT WARNING * * *
You feel sick. The worker ant barely misses you.
You scratch the worker ant but do no damage.
You claw the worker ant.
The worker ant is almost dead.
* * * LOW HITPOINT WARNING * * *
You feel sick. The worker ant completely misses you.
You closely miss the worker ant.
The worker ant is almost dead.
* * * LOW HITPOINT WARNING * * *
You feel sick. The worker ant misses you.
You closely miss the worker ant.
You bite the worker ant, but do no damage.
The worker ant is almost dead.
You die...
Xom chuckles heartily!

............
...........
##..........
#...........
#...........
####...........
#.............. ..
#...@a[......
#..##............
#.................
...###..............
..####(.....#.....
#.......[......... .
....................
.##............# ...
.
##............#......


You could see a worker ant.

Vanquished Creatures
  Jessica (D:2)
  An adder skeleton (D:4)
  2 bats (D:1)
  A goblin (D:1)
  A hobgoblin (D:1)
  4 jackals (D:4)
  4 frilled lizards
  3 kobolds (D:1)
  5 rats
22 creatures vanquished.

Notes
Turn   | Place    | Note
-------+----------+-------------------------------------------
     0 | D:1      | inc the Felid Chaos Knight began the quest for the Orb.
     0 | D:1      | Reached XP level 1. HP: 10/10 MP: 2/2
    31 | D:1      | XOM: smoke on damage
   139 | D:1      | XOM: harmless Tmut miscast
   406 | D:1      | Reached XP level 2. HP: 13/14 MP: 3/3
   718 | D:2      | Noticed Robin
   812 | D:1      | XOM is BORED!
   812 | D:1      | XOM: harmless Air miscast
   856 | D:2      | Noticed Jessica
   858 | D:2      | XOM: harmless Conj miscast
   870 | D:2      | Killed Jessica
   870 | D:2      | Reached skill level 4 in Unarmed Combat
   870 | D:2      | Reached XP level 3. HP: 5/17 MP: 4/4
   878 | D:2      | XOM: noise
  1167 | D:3      | XOM: noise
  1190 | D:3      | Noticed Sempronis's ghost (amateur DENe)
  1211 | D:3      | You fall through a shaft!
  1259 | D:4      | Found a glowing golden altar of the Shining One.
  1259 | D:4      | Found a transporter.
  1267 | D:4      | Found a transporter.
  1283 | D:4      | Noticed Purgy
  1391 | D:4      | XOM: harmless Conj miscast
  1584 | D:4      | Succumbed to a worker ant's poison

Skill      XL: |  1  2 |
---------------+-------+-----
Unarmed Combat | 4 |  4.6
Fighting       | |  3.0
Dodging        | |  3.2

Action                   || total
-------------------------++-------
Melee: Unarmed           ||    80
       Bite              ||     8
       Punch             ||     2
  Use: Potion            ||     2
 Stab: Sleeping          ||     1
Armor: Skin              ||     2
Dodge: Dodged            ||    52
